 Dungeon Sprint DCSS version 0.30-a0-354-g6b83867211 (webtiles) character file.

Game seed: 12372637773860909746

187 rocky1 the Covert (level 5, -4/28 HPs)
             Began as a Kobold Enchanter on Nov 8, 2022.
             Was a Priest of Cheibriados.
             Slain by a wight
             ... wielding a +3 great sword
              (18 damage)
             ... in the Dungeon (Sprint VII: "The Pits").
             The game lasted 00:03:15 (481 turns).

rocky1 the Covert (Kobold Enchanter)                 Turns: 481, Time: 00:03:15

Health: -4/28      AC:  2    Str: 12    XL:     5   Next: 99%
Magic:  12/12      EV: 19    Int: 23    God:    Cheibriados [***...]
Gold:   0          SH:  0    Dex: 25    Spells: 2/13 levels left

rFire   . . .      SeeInvis .    l - +2 dagger (venom)
rCold   . . .      Faith    .    (no shield)
rNeg    . . .      Spirit   .    b - +0 robe
rPois   .          Reflect  .    (no helmet)
rElec   .          Harm     .    (no cloak)
rCorr   .          Rampage  .    (no gloves)
Will    .....      NoTele   +    (no boots)
Stlth   ++++++....               (no amulet)
HPRegen 0.24/turn                (no ring)
MPRegen 0.13/turn                (no ring)

@: very slow
A: small, no large weapons, nightstalker 3
a: Renounce Religion, Bend Time, Temporal Distortion


You were in the Dungeon.
You worshipped Cheibriados.
Cheibriados was most pleased with you.
You visited 1 branch

Inventory:

Hand Weapons
 a - a +1 dagger
 l - a +2 dagger of venom (weapon)
 m - a +1 long sword of holy wrath
Armour
 b - a +0 robe (worn)
Scrolls
 i - a scroll of blinking
 j - 5 scrolls of amnesia
 k - a scroll of summoning
Potions
 c - 3 potions of invisibility
 d - 6 potions of curing
 e - 5 potions of heal wounds
 f - a potion of haste
 g - 4 potions of magic
 h - 2 potions of berserk rage


   Skills:
 + Level 0.7 Fighting
 + Level 5.8 Short Blades
 + Level 5.6 Dodging
 + Level 8.5 Stealth
 + Level 4.9 Spellcasting
 + Level 0.0 Conjurations
 + Level 6.0 Hexes
 + Level 0.0 Ice Magic
 + Level 3.0 Invocations


You had 2 spell levels left.
You knew the following spells:

 Your Spells              Type           Power      Damage    Failure   Level
a - Ensorcelled Hibernat  Hex/Ice        38%        N/A       4%          2
b - Dazzling Flash        Conj/Hex       38%        N/A       9%          3
c - Confusing Touch       Hex            33%        N/A       2%          3
d - Tukima's Dance        Hex            33%        N/A       2%          3

Your spell library contained the following spells:

 Spells                   Type           Power      Damage    Failure   Level


Dungeon Overview and Level Annotations

Branches:
Dungeon (1/1)

Altars:
Ashenzari
Cheibriados
Dithmenos
Elyvilon
Fedhas
Gozag
Hepliaklqana
Kikubaaqudgha
Makhleb
Nemelex Xobeh
Okawaru
Qazlal
Ru
Sif Muna
Trog
Uskayaw
Vehumet
Wu Jian
Xom
Yredelemnul
Zin
The Shining One
Jiyva
Lugonu


Innate Abilities, Weirdness & Mutations

You are small and have problems with some larger weapons.
You are completely attuned to the shadows.


Message History

You see here a +3 scale mail.
You see here a +1 quarterstaff of speed.
You see here a +2 vorpal trident.
There is an open door here.
Things that are here:
a +0 whip; a gnoll corpse
There is an open door here.
There is an open door, spattered with blood here.
Items here: )))))) [[ ††††.
There is an open door here.
You start waiting.
Done waiting.
Memorise Ensorcelled Hibernation, consuming 2 spell levels and leaving 11?
You start memorising the spell.
You continue memorising. x2
You finish memorising.
Spell assigned to 'a'.
This spell is quite dangerous to cast!
Memorise Dazzling Flash, consuming 3 spell levels and leaving 8?
You start memorising the spell.
You continue memorising. x3
You finish memorising.
Spell assigned to 'b'.
This spell is dangerous to cast!
Memorise Confusing Touch, consuming 3 spell levels and leaving 5?
You start memorising the spell.
You continue memorising. x3
You finish memorising.
Spell assigned to 'c'.
This spell is dangerous to cast!
Memorise Tukima's Dance, consuming 3 spell levels and leaving 2?
You start memorising the spell.
You continue memorising. x3
You finish memorising.
Spell assigned to 'd'.
You open the door.
There is an open door here.
You open the door.
There is an open door here.
No target in view!
A wight comes into view. It is wielding a +3 great sword.
There is an open door here.
The wight attacks as you move away!
The wight hits you with a +3 great sword!
Ouch! That really hurt!
The wight hits you with a +3 great sword!!
Ouch! That really hurt!
You die...

#.........).'.....
#'#####'#####.....
#.#.....#[[##.....
#.#.....#))#####'#
#.###)###).##.....
#.#)..†.#.)##.....
#.#.....#..##.....
#.####'##'###...<.
#@#....)...##.....
#z#........##.....
#'###########.....
#..... ######
#.###. #.# #.# #..
#..


You could see a wight.

Vanquished Creatures
  A floating eye (D)
  A gnoll bouda (D)
  4 gnolls (D)
  A river rat (D)
  An orc (D)
  A giant cockroach (D)
  3 kobolds (D)
12 creatures vanquished.

Notes
Turn   | Place    | Note
-------+----------+-------------------------------------------
     0 | D        | rocky1 the Kobold Enchanter began the quest for the Orb.
     0 | D        | Reached XP level 1. HP: 10/10 MP: 3/3
    38 | D        | Found a bloodstained altar of Trog.
    38 | D        | Found a shimmering blue altar of Sif Muna.
    38 | D        | Found a viscous altar of Jiyva.
    38 | D        | Found a hazy altar of Hepliaklqana.
    38 | D        | Found an opulent altar of Gozag.
    39 | D        | Found a glowing golden altar of the Shining One.
    39 | D        | Found a glowing silver altar of Zin.
    39 | D        | Found a sacrificial altar of Ru.
    39 | D        | Found a stormy altar of Qazlal.
    39 | D        | Found a blossoming altar of Fedhas.
    41 | D        | Found a basalt altar of Yredelemnul.
    41 | D        | Found an iron altar of Okawaru.
    41 | D        | Found a white marble altar of Elyvilon.
    42 | D        | Found a shimmering altar of Xom.
    42 | D        | Found a sparkling altar of Nemelex Xobeh.
    42 | D        | Found a shadowy altar of Dithmenos.
    43 | D        | Found an ornate altar of the Wu Jian Council.
    43 | D        | Found a burning altar of Makhleb.
    43 | D        | Found a snail-covered altar of Cheibriados.
    44 | D        | Found a radiant altar of Vehumet.
    44 | D        | Found a corrupted altar of Lugonu.
    47 | D        | Found a broken altar of Ashenzari.
    47 | D        | Found an ancient bone altar of Kikubaaqudgha.
    47 | D        | Found a hide-covered altar of Uskayaw.
    52 | D        | Became a worshipper of Cheibriados the Contemplative
    70 | D        | Noticed a floating eye
    78 | D        | Paralysed by a floating eye for 4 turns
    88 | D        | Paralysed by a floating eye for 4 turns
    95 | D        | Killed a floating eye
    95 | D        | Reached * piety under Cheibriados
    96 | D        | Reached skill level 5 in Short Blades
    96 | D        | Reached skill level 5 in Dodging
    96 | D        | Reached skill level 7 in Stealth
    96 | D        | Reached skill level 5 in Hexes
    96 | D        | Reached XP level 2. HP: 15/15 MP: 3/7
    96 | D        | Reached XP level 3. HP: 19/19 MP: 3/9
    96 | D        | Reached XP level 4. HP: 24/24 MP: 3/10
    96 | D        | Reached XP level 5. HP: 28/28 MP: 3/11
   282 | D        | Reached ** piety under Cheibriados
   283 | D        | Reached skill level 1 in Invocations
   298 | D        | Reached *** piety under Cheibriados
   305 | D        | Reached skill level 8 in Stealth
   452 | D        | Learned a level 2 spell: Ensorcelled Hibernation
   456 | D        | Learned a level 3 spell: Dazzling Flash
   460 | D        | Learned a level 3 spell: Confusing Touch
   464 | D        | Learned a level 3 spell: Tukima's Dance
   481 | D        | Slain by a wight

Illustrated notes

Levels and vault maps discovered:
D:        pitsprint [storerooms_1, entrance_room_1, metal_vault_2, armoury_1,
          mini_pit_1, grid_room_1, main_hall_1, silver_pit, the_coven_1,
          the_vestibule_1, steel_vault_4, golden_pit, hallway_of_sentries,
          crystal_vault_4, iron_vault_4, final_vault]

Skill      XL: |  1  2  3  4  5 |
---------------+----------------+-----
Short Blades   | 5 |  5.8
Dodging        | 5 |  5.6
Stealth        | 7 8 |  8.5
Spellcasting   | 4 |  4.9
Hexes          | 5 6 |  6.0
Invocations    | 3 |  3.0
Fighting       | |  0.7

Action                   |  1- 3 |  4- 6 || total
-------------------------+-------+-------++-------
Melee: Dagger            |    15 |    15 ||    30
  Use: Potion            |       |     3 ||     3
 Stab: Sleeping          |     1 |     3 ||     4
       Invisible         |       |     2 ||     2
Armor: Robe              |       |     2 ||     2
Dodge: Dodged            |     4 |    25 ||    29

Table legend: (Time is in decaauts)
 A = Elapsed time spent in this place.
 B = Non-inter-level travel time spent in this place.
 C = Inter-level travel time spent in this place.
 D = Time resting spent in this place.
 E = Time spent auto-exploring this place.
 F = Levels seen in this place.
 G = Mean time per level.
                   A        B        C        D        E       F      G
               +--------+--------+--------+--------+--------+-----+--------+
         Total |    532 |    500 |     32 |    267 |      0 |   1 |  532.0 |
       Dungeon |    532 |    500 |     32 |    267 |      0 |   1 |  532.0 |
               +--------+--------+--------+--------+--------+-----+--------+

Top non-repeatable levels by time:
       D: 532 daAuts
